 Dungeon Crawl Stone Soup version 0.30-a0-782-ge64f9170bb (webtiles) character file.

Game seed: 17124853136504889643

81 Smoke131 the Sneak (level 4, 0/24 HPs)
             Began as a Vampire Enchanter on Feb 18, 2023.
             Slain by a scorpion (4 damage)
             ... on level 4 of the Dungeon.
             The game lasted 00:07:00 (2343 turns).

Smoke131 the Sneak (Vampire Enchanter)              Turns: 2343, Time: 00:07:00

Health: 0/24       AC:  4    Str:  7    XL:     4   Next: 19%
Magic:  1/7        EV: 13    Int: 20    God:
Gold:   699        SH:  0    Dex: 16    Spells: 3/8 levels left

rFire   . . .      SeeInvis +    k - +2 short sword (vamp)
rCold   + + .      Faith    .    (no shield)
rNeg    + + +      Spirit   .    b - +0 robe
rPois   ∞          Reflect  .    i - +1 hat {Int+3}
rElec   .          Harm     .    (no cloak)
rCorr   .          Rampage  .    r - +0 pair of gloves
Will    .....                    (no boots)
Stlth   +++++                    (no amulet)
HPRegen 0.00/turn                (no ring)
MPRegen 0.10/turn                (no ring)

@: very slightly contaminated, bloodless, inhibited regen
A: bloodless, fangs 3, see invisible, vampiric 2
a: Bat Form, Revivify


You were on level 4 of the Dungeon.
You visited 1 branch of the dungeon, and saw 4 of its levels.

You collected 699 gold pieces.

Inventory:

Hand Weapons
 k - a +2 vampiric short sword (weapon)
Armour
 b - a +0 robe (worn)
 i - a +1 hat of intelligence (worn)
 r - a +0 pair of gloves (worn)
Wands
 p - a wand of polymorph (7)
Scrolls
 d - 5 scrolls of identify
 f - a scroll of teleportation
 h - a scroll of poison {unknown}
 l - a scroll of enchant weapon {unknown}
 m - a scroll of enchant armour {unknown}
 n - a scroll of blinking {unknown}
 o - a scroll of butterflies {unknown}
Potions
 c - a potion of invisibility
 e - 2 potions of might
 g - 2 potions of lignification
 j - a potion of brilliance
 q - 2 potions of curing


   Skills:
 + Level 2.2 Short Blades
 + Level 2.9 Dodging
 + Level 5.1 Stealth
 + Level 2.5 Spellcasting
 + Level 5.1 Hexes
 + Level 0.2 Ice Magic


You had 3 spell levels left.
You knew the following spells:

 Your Spells              Type           Power      Damage    Failure   Level
a - Ensorcelled Hibernat  Hex/Ice        26%        N/A       8%          2
b - Confusing Touch       Hex            23%        N/A       5%          3

Your spell library contained the following spells:

 Spells                   Type           Power      Damage    Failure   Level
 Tukima's Dance           Hex            23%        N/A       5%          3
 Dazzling Flash           Conj/Hex       24%        N/A       16%         3


Dungeon Overview and Level Annotations

Branches:
Dungeon (4/15)
 Temple: D:4-7

Altars:


Innate Abilities, Weirdness & Mutations

You do not regenerate when monsters are visible.
You are frail without blood (-20% HP).
You can heal yourself when you bite living creatures.
You are immune to poison.
You have razor-sharp teeth.
You have supernaturally acute eyesight. (SInv)
You are afflicted with vampirism and can become a bat while bloodless.


Message History

Press: ? - help, Shift-Dir - straight line, f/p - scorpion
Aim: a scorpion (chance to affect: 47%)
You miscast Ensorcelled Hibernation.
You are very lightly contaminated with residual magic.
Nothing appears to happen.
The scorpion misses you. The scorpion attacks as you move away!
The scorpion stings you. The scorpion attacks as you move away!
The scorpion stings you. x2
The scorpion attacks as you move away!
The scorpion stings you but does no damage.
The scorpion attacks as you move away! The scorpion stings you.
You fade into invisibility!
The scorpion barely misses you. The scorpion closely misses you.
There is a stone staircase leading up here.
Casting: Ensorcelled Hibernation (safe; 8% risk of failure)
Confirm with . or Enter, or press ? or * to list all spells.
Aiming: Ensorcelled Hibernation (safe; 8% risk of failure)
Press: ? - help, Shift-Dir - straight line, f/p - scorpion
Aim: a scorpion (wandering, unable to see you, hasn't noticed you, chance to affect: 47%)
You miscast Ensorcelled Hibernation.
Nothing appears to happen.
You flicker for a moment.
You closely miss the scorpion. The scorpion barely misses you.
You hit the scorpion but do no damage. Your bite misses the scorpion.
The scorpion stings you but does no damage.
You hit the scorpion.
The scorpion is lightly wounded.
You hit the scorpion. You bite the scorpion.
The scorpion is heavily wounded.
The scorpion stings you but does no damage.
You barely miss the scorpion.
The scorpion is heavily wounded.
You flicker back into view.
The scorpion closely misses you.
You hit the scorpion but do no damage.
The scorpion is heavily wounded.
The scorpion stings you but does no damage.
The scorpion attacks as you move away! The scorpion stings you.
* * * LOW HITPOINT WARNING * * *
The scorpion stings you.
You die...

####### #.....#
####### #.#@#
....... #.#s#
....... #.#.#
.....S. #.#.###
........ #.#<..#
........ #.#.###
....$...#####.#.###
......>.'.........#
[.......###########


You could see a scorpion.

Vanquished Creatures
  3 adders
  A worm (D:3)
  A dart slug (D:3)
  7 bats
  6 endoplasms
  2 giant cockroaches
  4 goblins
  4 hobgoblins
  2 quokkas
  5 ball pythons
  4 frilled lizards
  3 kobolds
  6 rats
48 creatures vanquished.

Notes
Turn   | Place    | Note
-------+----------+-------------------------------------------
     0 | D:1      | Smoke131 the Vampire Enchanter began the quest for the Orb.
     0 | D:1      | Reached XP level 1. HP: 13/13 MP: 3/3
   139 | D:1      | Reached XP level 2. HP: 15/15 MP: 5/5
   620 | D:2      | Learned a level 2 spell: Ensorcelled Hibernation
   634 | D:1      | Gained mutation: You are afflicted with vampirism and can
                  | become a bat while bloodless. [Vampire growth]
   634 | D:1      | Reached XP level 3. HP: 18/19 MP: 0/6
   935 | D:2      | Reached skill level 5 in Stealth
  1529 | D:3      | Reached skill level 5 in Hexes
  1643 | D:3      | Learned a level 3 spell: Confusing Touch
  1979 | D:3      | Reached XP level 4. HP: 24/24 MP: 7/7
  2156 | D:4      | Identified a scroll of acquirement
  2156 | D:4      | Acquired 436 gold pieces
  2201 | D:4      | Noticed a scorpion
  2343 | D:4      | Slain by a scorpion

Illustrated notes

Levels and vault maps discovered:
D:1:      amcnicky_arrival_flooded_fountain, layout_loops_ring,
          kennysheep_doodads
D:2:      layout_loops_ring
D:3:      layout_basic
D:4:      wander_river, layout_basic, grunt_temple_overflow_order_and_chaos_1,
          slow_altar_1, nicolae_gozag_cash_rules_everything_around_me,
          minmay_temple_entry_glass, uniq_edmund, uniq_sigmund

Skill      XL: |  1  2  3 |
---------------+----------+-----
Stealth        | 5 |  5.1
Short Blades   | 2 |  2.2
Hexes          | 5 |  5.1
Dodging        | |  2.9
Spellcasting   | |  2.5
Ice Magic      | |  0.2

Action                     |  1- 3 |  4- 6 || total
---------------------------+-------+-------++-------
  Melee: Dagger            |    48 |       ||    48
         Bite              |     8 |     1 ||     9
         Short sword       |    39 |    10 ||    49
         Punch             |     2 |       ||     2
   Cast: Ensorcelled Hiber |     4 |     4 ||     8
Ability: Exsanguinate      |     1 |       ||     1
    Use: Scroll            |       |     6 ||     6
         Potion            |       |     1 ||     1
   Stab: Sleeping          |    27 |     2 ||    29
 Armour: Robe              |    22 |     4 ||    26
  Dodge: Dodged            |    40 |     7 ||    47

Table legend: (Time is in decaauts)
 A = Elapsed time spent in this place.
 B = Non-inter-level travel time spent in this place.
 C = Inter-level travel time spent in this place.
 D = Time resting spent in this place.
 E = Time spent auto-exploring this place.
 F = Levels seen in this place.
 G = Mean time per level.
                   A        B        C        D        E       F      G
               +--------+--------+--------+--------+--------+-----+--------+
         Total |   2335 |   2173 |    162 |     81 |   1461 |   4 |  583.8 |
       Dungeon |   2335 |   2173 |    162 |     81 |   1461 |   4 |  583.8 |
               +--------+--------+--------+--------+--------+-----+--------+

Top non-repeatable levels by time:
     D:3: 896 daAuts
     D:1: 682 daAuts
     D:2: 645 daAuts
     D:4: 112 daAuts
